 Dungeon Sprint DCSS version 0.30-a0-219-gf2db51d15e (webtiles) character file.

Game seed: 2935840940035886975

17 rocky1 the Chopper (level 2, -19/15 (26) HPs)
             Began as a Hill Orc Reaver on Oct 8, 2022.
             Was an Initiate of Okawaru.
             Demolished by an ogre
             ... wielding a +0 giant club
              (28 damage)
             ... in the Dungeon (Sprint VII: "The Pits").
             The game lasted 00:00:58 (277 turns).

rocky1 the Chopper (Hill Orc Reaver)                 Turns: 277, Time: 00:00:59

HP:   -19/15 (26)   AC:  3    Str: 14    XL:     2   Next: 62%
MP:   2/5           EV: 11    Int: 13    God:    Okawaru [......]
Gold: 0             SH:  0    Dex:  9    Spells: 4/5 levels left

rFire   . . .      SeeInvis .    l - +2 hand axe
rCold   . . .      Faith    .    (no shield)
rNeg    . . .      Spirit   .    b - +0 leather armour
rPois   .          Reflect  .    (no helmet)
rElec   .          Harm     .    (no cloak)
rCorr   .          Rampage  .    (no gloves)
Will    .....      NoTele   +    (no boots)
Stlth   +.........               (no amulet)
HPRegen 0.22/turn                (no ring)
MPRegen 0.09/turn                (no ring)

@: very heavily drained
A: no striking features
a: Renounce Religion


You were in the Dungeon.
You worshipped Okawaru.
Okawaru was noncommittal.
You visited 1 branch

Inventory:

Hand Weapons
 a - a +0 hand axe
 l - a +2 hand axe (weapon)
Armour
 b - a +0 leather armour (worn)
Scrolls
 h - a scroll of blinking
 j - 5 scrolls of amnesia
 k - a scroll of summoning
Potions
 c - a potion of curing
 d - a potion of heal wounds
 e - a potion of haste
 f - 4 potions of magic
 g - 3 potions of berserk rage
 i - 2 potions of invisibility


   Skills:
 + Level 3.6 Fighting
 + Level 5.0 Axes
 + Level 2.4 Dodging
 + Level 2.2 Spellcasting
 + Level 3.7 Conjurations


You had 4 spell levels left.
You knew the following spells:

 Your Spells              Type           Power      Damage    Failure   Level
a - Kiss of Death         Conj/Necr      24%        2d7       14%         1

Your spell library contained the following spells:

 Spells                   Type           Power      Damage    Failure   Level
 Momentum Strike          Conj/Tloc      12%        3d8       22%         2
 Hailstorm                Conj/Ice       6%         3d4       41%         3


Dungeon Overview and Level Annotations

Branches:
Dungeon (1/1)

Altars:
Ashenzari
Cheibriados
Dithmenos
Elyvilon
Fedhas
Gozag
Hepliaklqana
Kikubaaqudgha
Makhleb
Nemelex Xobeh
Okawaru
Qazlal
Ru
Sif Muna
Trog
Uskayaw
Vehumet
Wu Jian
Xom
Yredelemnul
Zin
The Shining One
Beogh
Jiyva
Lugonu


Message History

You feel drained. The orc hits you but does no damage.
Casting: Kiss of Death (safe; 16% risk of failure)
Confirm with . or Enter, or press ? or * to list all spells.
Aiming: Kiss of Death (safe; 16% risk of failure)
Press: ? - help, Shift-Dir - straight line, f - orc
Aim: an orc, wielding a +0 flail and wearing a +0 leather armour (100% to hit)
The negative energy hits the orc.
The orc is drained!
You kill the orc!
Okawaru accepts your kill.
You feel drained. The bat hits you but does no damage.
An ogre comes into view. It is wielding a +0 giant club.
The ogre shouts!
The bat hits you but does no damage.
There is an open door here.
Things that are here:
a +0 flail; a +0 leather armour You slash the bat!
You kill the bat!
Okawaru accepts your kill.
Your magical contamination has completely faded away.
Your Axes skill increases to level 5!
Casting: Kiss of Death (safe; 14% risk of failure)
Confirm with . or Enter, or press ? or * to list all spells.
Aiming: Kiss of Death (safe; 14% risk of failure)
Press: ? - help, Shift-Dir - straight line, f - ogre
Aim: an ogre, wielding a +0 giant club (100% to hit)
The negative energy hits the ogre.
The ogre is drained!
The ogre is moderately wounded.
You feel drained. The ogre hits you with a +0 giant club!
Unknown command.
You hit the ogre.
The ogre is severely wounded.
The ogre completely misses you.
You hit the ogre.
The ogre is severely wounded.
You hit the ogre.
The ogre is severely wounded.
The ogre hits you with a +0 giant club!!
Ouch! That really hurt!
You die...

#.?(.')))'.##......#.
##########.##........
#.......†...'........
#+#####)#####......#.
#..#†.# #........
#..†..# ####'####
#..#### #.......#
#.†# #.......# #.@#
#.......# ##O#
#...<...#
#........##.......#
#........##.......#
###########.......#
#########


You could see an ogre (drained).

Vanquished Creatures
  An orc (D)
  An endoplasm (D)
  A goblin (D)
  6 jackals (D)
  A quokka (D)
  2 bats (D)
  A quokka zombie (D)
13 creatures vanquished.

Notes
Turn   | Place    | Note
-------+----------+-------------------------------------------
     0 | D        | rocky1 the Hill Orc Reaver began the quest for the Orb.
     0 | D        | Reached XP level 1. HP: 18/18 MP: 3/3
    24 | D        | Found a bloodstained altar of Trog.
    24 | D        | Found a shimmering blue altar of Sif Muna.
    24 | D        | Found a viscous altar of Jiyva.
    24 | D        | Found a hazy altar of Hepliaklqana.
    24 | D        | Found an opulent altar of Gozag.
    49 | D        | Found a glowing golden altar of the Shining One.
    49 | D        | Found a glowing silver altar of Zin.
    49 | D        | Found a basalt altar of Yredelemnul.
    49 | D        | Found a shimmering altar of Xom.
    49 | D        | Found an ornate altar of the Wu Jian Council.
    49 | D        | Found a sacrificial altar of Ru.
    49 | D        | Found a stormy altar of Qazlal.
    49 | D        | Found an iron altar of Okawaru.
    49 | D        | Found a sparkling altar of Nemelex Xobeh.
    49 | D        | Found a burning altar of Makhleb.
    49 | D        | Found a blossoming altar of Fedhas.
    49 | D        | Found a white marble altar of Elyvilon.
    49 | D        | Found a shadowy altar of Dithmenos.
    49 | D        | Found a snail-covered altar of Cheibriados.
    52 | D        | Found a corrupted altar of Lugonu.
    52 | D        | Found a radiant altar of Vehumet.
    52 | D        | Found a roughly hewn altar of Beogh.
    53 | D        | Found an ancient bone altar of Kikubaaqudgha.
    53 | D        | Found a hide-covered altar of Uskayaw.
    53 | D        | Found a broken altar of Ashenzari.
    57 | D        | Became a worshipper of Warmaster Okawaru
   110 | D        | Reached XP level 2. HP: 16/26 MP: 5/5
   271 | D        | Noticed an ogre
   273 | D        | Reached skill level 5 in Axes
   277 | D        | Demolished by an ogre

Illustrated notes

Levels and vault maps discovered:
D:        pitsprint [storerooms_1, entrance_room_1, metal_vault_6, armoury_2,
          mini_pit_1, grid_room_1, main_hall_1, silver_pit, the_coven_3,
          the_vestibule_1, steel_vault_1, golden_pit, hallway_of_sentries,
          crystal_vault_2, iron_vault_2, final_vault]

Skill      XL: |  1  2 |
---------------+-------+-----
Fighting       | 3 |  3.6
Dodging        | 2 |  2.4
Spellcasting   | 2 |  2.2
Axes           | 5 |  5.0
Conjurations   | |  3.7

Action                   || total
-------------------------++-------
Melee: Hand axe          ||    56
 Cast: Kiss of Death     ||     3
Armor: Leather armour    ||    22
Dodge: Dodged            ||    39

Table legend: (Time is in decaauts)
 A = Elapsed time spent in this place.
 B = Non-inter-level travel time spent in this place.
 C = Inter-level travel time spent in this place.
 D = Time resting spent in this place.
 E = Time spent auto-exploring this place.
 F = Levels seen in this place.
 G = Mean time per level.
                   A        B        C        D        E       F      G
               +--------+--------+--------+--------+--------+-----+--------+
         Total |    280 |    280 |      0 |    138 |      0 |   1 |  280.0 |
       Dungeon |    280 |    280 |      0 |    138 |      0 |   1 |  280.0 |
               +--------+--------+--------+--------+--------+-----+--------+

Top non-repeatable levels by time:
       D: 280 daAuts
